 Dungeon Crawl Stone Soup version 0.25-a0-589-g1e14c549ee (webtiles) character file.

Game seed: 12440158640507757302, levelgen mode: deterministic

294 sanka the Chiller (level 6, 0/41 HPs)
             Began as a Barachi Ice Elementalist on Mar 12, 2020.
             Succumbed to a kobold's poison
             ... in a sewer.
             The game lasted 00:08:08 (3231 turns).

sanka the Chiller (Barachi Ice Elementalist)        Turns: 3231, Time: 00:08:08

Health: 0/41       AC:  4    Str: 10 (11) XL:     6   Next: 34%
Magic:  5/12       EV: 12    Int: 16 (18) God:
Gold:   149        SH:  0    Dex: 10 (12) Spells: 2/13 levels left

rFire    + . .     SeeInvis .   m - +0 dagger (venom)
rCold    + . .     Gourm    .   (no shield)
rNeg     . . .     Faith    .   a - +0 robe
rPois    +         Spirit   .   (no helmet)
rElec    +         Reflect  .   (no cloak)
rCorr    +         Harm     .   s - +1 pair of gloves
MR       .....                  (no boots)
Stlth    ++........             (no amulet)
HPRegen  0.13/turn              (no ring)
MPRegen  0.13/turn              (no ring)

@: lethally poisoned (0 -> -6), resistant, stab, flying, hasted, quick
A: +LOS, swims, deterioration 1, slowness 1, strong 1, strong legs 1
a: Hop


You were in a sewer.
You were hungry.

You visited 1 branch of the dungeon, and saw 3 of its levels.
You also visited: Sewer.

You collected 149 gold pieces.


Innate Abilities, Weirdness & Mutations

You can be seen from farther away. (+LOS)
You can swim through water.
You cover ground slowly.
You can hop short distances.
Your body sometimes deteriorates upon taking damage.
Your muscles are strong. (Str +2)


   Skills:
 - Level 2.1 Dodging
 - Level 1.7 Stealth
 - Level 4.0 Spellcasting
 + Level 2.2 Summonings
 * Level 7.4 Ice Magic


You had 2 spell levels left.
You knew the following spells:

 Your Spells              Type           Power        Failure   Level  Hunger
a - Ozocubu's Armour      Chrm/Ice       ###.....     11%         3    ###....
x - Summon Ice Beast      Ice/Summ       ###.....     22%         4    ####...
y - Frozen Ramparts       Ice            ####..       2%          3    ###....
z - Freeze                Ice            ####         1%          1    None

Your spell library contained the following spells:

 Spells                   Type           Power        Failure   Level  Hunger
 Hailstorm                Conj/Ice       ###.....     36%         4    ####...

Inventory:

Hand Weapons
 d - a +0 short sword
 h - a +1 dagger of freezing
 m - a +0 dagger of venom (weapon)
Armour
 a - a +0 robe (worn)
 j - a +0 buckler
 s - a +1 pair of gloves (worn)
Wands
 n - a wand of digging (5)
Scrolls
 b - a scroll of enchant weapon {unknown}
 g - 2 scrolls of identify {unknown}
 k - 2 scrolls of teleportation {unknown}
 p - 2 scrolls of enchant armour {unknown}
 q - a scroll of fog {unknown}
 r - a scroll of magic mapping {unknown}
Potions
 e - a potion of mutation {!q}
 i - a potion of degeneration {!q}
 t - a potion of flight
Comestibles
 c - 6 rations

Dungeon Overview and Level Annotations

Branches:
Dungeon (3/15)              Sewer (1/1)

Altars:
Elyvilon
Hepliaklqana
The Shining One

Annotations:
Sewer Grinder

▒+▒▒▒▒▒▒▒≈▒▒▒▒▒▒▒'
▒..(...▒...▒......
▒.≈≈≈)≈.....≈≈≈≈..
▒≈≈≈≈≈≈▒...▒≈≈≈≈≈≈
▒▒▒▒▒▒▒▒▒)▒▒▒▒▒▒▒▒
▒▒▒▒▒▒▒▒▒▒)..▒▒▒
▒▒(≈≈≈≈≈▒(..⌠...▒
▒▒▒...#...)5......+
▒∩....F..K'.⌠._.⌠.+
▒▒▒....#(Z(.......+
▒▒≈≈≈≈≈≈▒..⌠.⌠..▒
▒▒▒▒▒▒▒▒▒.....▒▒
▒▒'''▒▒ ...≈▒ ...≈▒
...≈▒ ..Z≈▒


You could see Grinder, a big kobold zombie and a kobold.


Message History

The kobold hits you with a +0 short sword.
* * * LOW HITPOINT WARNING * * *
The big kobold zombie closely misses you.
You closely miss Grinder.
Grinder is almost dead.
Grinder looks more healthy.
Grinder blinks!
The kobold closely misses you. The big kobold zombie hits you.
* * * LOW HITPOINT WARNING * * *
It was a potion of haste.
You feel yourself speed up. The kobold misses you.
It was a potion of resistance.
You feel protected. The kobold barely misses you.
The big kobold zombie hits you.
* * * LOW HITPOINT WARNING * * *
Your icy armour cracks and falls away as you move.
Grinder says, "Don't move a muscle."
Grinder blinks!
The kobold throws a poisoned dart.
The poisoned dart hits you!
You are lethally poisoned!
You see here a poisoned dart.
Okay, then.
* * * LOW HITPOINT WARNING * * *
You feel sick.
Grinder blinks!
You die...

Action                   |  1- 3 |  4- 6 || total
-------------------------+-------+-------++-------
Melee: Short sword       |     1 |       ||     1
       Unarmed           |     1 |       ||     1
       Dagger            |    18 |    99 ||   117
 Cast: Freeze            |    44 |    34 ||    78
       Frozen Ramparts   |       |     9 ||     9
       Ozocubu's Armour  |       |     3 ||     3
       Summon Ice Beast  |       |     2 ||     2
 Abil: Hop               |     1 |       ||     1
  Use: Potion            |       |     8 ||     8
 Stab: Sleeping          |     1 |     3 ||     4
       Distracted        |       |     1 ||     1
  Eat: Chunk             |     2 |     7 ||     9
Armor: Robe              |     9 |    46 ||    55
Dodge: Dodged            |    33 |   100 ||   133

Levels and vault maps discovered:
D:1:      dpeg_arrival_oval, layout_basic, hex_intersection,
          minmay_misc_feat_chi
D:2:      layout_basic, chequers_arboretum, elyvilon_altar_3
D:3:      minmay_door_path, layout_basic, overflow_temple_1_default,
          lemuel_round_altar, first_ration, portal_sewer_entry_b,
          grunt_decor_mini_mirrors, corexii_corridor_pit,
          minmay_misc_feat_tower, uniq_terence
Sewer:    kennysheep_sewer_church

Notes
Turn   | Place    | Note
-------+----------+-------------------------------------------
     0 | D:1      | sanka the Barachi Ice Elementalist began the quest for the
                  | Orb.
     0 | D:1      | Reached XP level 1. HP: 13/13 MP: 3/3
   160 | D:1      | Reached skill level 5 in Ice Magic
   209 | D:1      | Reached XP level 2. HP: 19/19 MP: 2/5
   523 | D:1      | Reached XP level 3. HP: 24/24 MP: 5/7
   528 | D:1      | Learned a level 3 spell: Frozen Ramparts
   528 | D:1      | Reached skill level 3 in Spellcasting
   533 | D:1      | Learned a level 3 spell: Ozocubu's Armour
  1378 | D:2      | Reached XP level 4. HP: 25/30 MP: 3/9
  1504 | D:2      | Found a white marble altar of Elyvilon.
  1519 | D:2      | HP: 2/30 [worm (6)]
  1822 | D:2      | Reached skill level 6 in Ice Magic
  2253 | D:3      | Found a glowing golden altar of the Shining One.
  2380 | D:3      | Found a hazy altar of Hepliaklqana.
  2409 | D:3      | Found a glowing drain.
  2540 | Sewer    | Entered a sewer
  2565 | Sewer    | Reached XP level 5. HP: 24/35 MP: 2/10
  2695 | Sewer    | Reached skill level 4 in Spellcasting
  2703 | Sewer    | Learned a level 4 spell: Summon Ice Beast
  2848 | Sewer    | Found an ancient bone altar of Kikubaaqudgha.
  2848 | Sewer    | Noticed a big kobold
  2859 | Sewer    | Killed a big kobold
  2859 | Sewer    | Reached skill level 1 in Summonings
  2859 | Sewer    | Reached skill level 7 in Ice Magic
  2957 | Sewer    | Noticed a big kobold
  2966 | Sewer    | Reached XP level 6. HP: 33/41 MP: 7/12
  2972 | Sewer    | Reached skill level 2 in Summonings
  3173 | Sewer    | Noticed Grinder
  3204 | Sewer    | Paralysed by Grinder for 2 turns
  3208 | Sewer    | Paralysed by Grinder for 3 turns
  3217 | Sewer    | Gained mutation: Your body sometimes deteriorates upon
                  | taking damage. [potion of mutation]
  3217 | Sewer    | Gained mutation: Your muscles are strong. (Str +2) [potion
                  | of mutation]
  3224 | Sewer    | HP: 4/41 [Grinder (3)]
  3228 | Sewer    | Identified a potion of resistance
  3230 | Sewer    | HP: 1/41 [poisoned by a kobold]
  3231 | Sewer    | Succumbed to a kobold's poison

Vanquished Creatures
  2 big kobolds (Sewer)
  2 adders (D:2)
  A river rat (D:3)
  3 shadow imps (Sewer)
  2 ufetubi (Sewer)
  3 worms
  2 dart slugs (D:1)
  4 leopard geckos
  8 bats
  2 bat zombies (Sewer)
  4 giant cockroaches
  6 goblins
  7 hobgoblins
  4 jackals (D:1)
  21 kobolds
  A quokka (D:2)
  2 ball pythons (D:3)
  4 frilled lizards
  2 kobold zombies (Sewer)
  11 rats
91 creatures vanquished.
